 Dungeon Crawl Stone Soup version 0.17.1-2-g5865329 (webtiles) character file.

51 Rationalist the Skirmisher (level 3, 0/43 HPs)
             Began as a Demonspawn Berserker on Jan 17, 2016.
             Was a Believer of Trog.
             Succumbed to an adder's poison
             ... on level 3 of the Dungeon.
             The game lasted 00:03:17 (2705 turns).

Rationalist the Skirmisher (Demonspawn Berserker)   Turns: 2705, Time: 00:03:17

Health: 0/43       AC:  2    Str: 22    XL:     3   Next: 58%
Magic:  3/3        EV: 12    Int:  8    God:    Trog [**....]
Gold:   88         SH:  0    Dex: 13    Spells: 0 memorised, 2 levels left

rFire  . . .     SeeInvis .     a - +0 hand axe
rCold  . . .     Clarity  .     b - +0 animal skin
rNeg   . . .     SustAt   .     (no shield)
rPois  .         Gourm    .     (no helmet)
rElec  .         Spirit   .     (no cloak)
rCorr  .         Warding  .     (no gloves)
rMut   .         Stasis   .     (no boots)
MR     .....                    (no amulet)
Stlth  ..........               (no ring)
                                (no ring)

@: berserking, lethally poisoned (0 -> -15), very quick, not resistant to
hostile enchantments, extremely unstealthy
A: demonic guardian 1, powered by pain 1
a: Berserk, Trog's Hand, Burn Spellbooks, Renounce Religion


You were on level 3 of the Dungeon.
You worshipped Trog.
Trog was pleased with you.
You were not hungry.

You visited 1 branch of the dungeon, and saw 3 of its levels.

You collected 88 gold pieces.

Inventory:

Hand Weapons
 a - a +0 hand axe (weapon)
Armour
 b - a +0 animal skin (worn)
Jewellery
 t - an uncursed ring of fire {unknown}
Scrolls
 d - a scroll of identify {unknown}
 e - 3 scrolls of remove curse {unknown}
 g - a scroll of amnesia {unknown}
 k - a scroll of blinking {unknown}
 l - 2 scrolls of random uselessness {unknown}
 m - a scroll of magic mapping {unknown}
 n - a scroll of immolation {unknown}
Potions
 h - a potion of degeneration {unknown}
 j - 2 potions of curing {unknown}
 p - a potion of might {unknown}
 q - 2 potions of brilliance {unknown}
 r - 2 potions of flight {unknown}
Comestibles
 c - 2 bread rations
 f - a royal jelly
 i - 2 meat rations
 s - a beef jerky


   Skills:
 + Level 3.6 Fighting
 + Level 3.5 Axes
 + Level 1.7 Armour
 + Level 2.1 Dodging
 + Level 0.2 Stealth


You had 2 spell levels left.
You didn't know any spells.

Dungeon Overview and Level Annotations

Branches:
Dungeon (3/15)

Altars:
Cheibriados
Trog


Innate Abilities, Weirdness & Mutations

A weak demonic guardian rushes to your aid.
You sometimes gain a little power by taking damage.


Message History

You closely miss the adder.
The adder is moderately wounded.
* * * LOW HITPOINT WARNING * * *
You feel sick. The adder bites you.
* * * LOW HITPOINT WARNING * * *
You barely miss the adder.
The adder is moderately wounded.
* * * LOW HITPOINT WARNING * * *
You feel sick. The adder barely misses you.
You are too berserk!
Unknown command.
You are too berserk!
You are too berserk!
You closely miss the adder.
The adder is moderately wounded.
* * * LOW HITPOINT WARNING * * *
You feel sick. The adder bites you but does no damage.
You barely miss the adder.
The adder is moderately wounded.
You die...

###### ....# #
...# ##.## #..#
.....###..#
......#..#########
#..#.....@S......
#..#....########.
###.......#
..........#
##.......##
######.## #.# #
##'## ## ##...##
#.


You could see an adder.

Vanquished Creatures
  An adder (D:3)
  A worm (D:2)
  A giant gecko (D:1)
  8 bats
  A giant cockroach (D:1)
  6 goblins
  4 hobgoblins
  7 kobolds
  2 quokkas
  4 giant newts
  7 rats
42 creatures vanquished.

Notes
Turn   | Place    | Note
--------------------------------------------------------------
     0 | D:1      | Rationalist the Demonspawn Berserker began the quest for the Orb.
     0 | D:1      | Reached XP level 1. HP: 18/18 MP: 1/1
   215 | D:1      | Gained mutation: A weak demonic guardian rushes to your aid. [demonic ancestry]
   215 | D:1      | Reached XP level 2. HP: 8/24 MP: 2/2
  1245 | D:1      | Reached ** piety under Trog
  1542 | D:2      | Gained mutation: You sometimes gain a little power by taking damage. [demonic ancestry]
  1542 | D:2      | Reached XP level 3. HP: 11/29 MP: 3/3
  1960 | D:2      | Found a snail-covered altar of Cheibriados.
  2075 | D:2      | Found a bloodstained altar of Trog.
  2406 | D:3      | Found a faded altar to an unknown god.
  2703 | D:3      | HP: 2/43 [poisoned by an adder]
  2705 | D:3      | Succumbed to an adder's poison

Action                   || total
-------------------------++-------
Melee: Hand axe          ||   130
Invok: Berserk           ||     2
  Eat: Chunk             ||     7
